 Dungeon Crawl Stone Soup version 0.29.1-12-g30fa7ad0bf (webtiles) character file.

Game seed: 13190192645044280707

3619 FexLirch the Covert (level 10, -3/74 HPs)
             Began as a Gnoll Wanderer on Dec 27, 2022.
             Was a Believer of Nemelex Xobeh.
             Slain by a troll (11 damage)
             ... on level 9 of the Dungeon on Dec 28, 2022.
             The game lasted 00:40:20 (12337 turns).

FexLirch the Covert (Gnoll Wanderer)               Turns: 12337, Time: 00:40:21

Health: -3/74      AC: 14    Str: 17    XL:     10   Next: 11%
Magic:  17/17      EV:  8    Int: 14    God:    Nemelex Xobeh [**....]
Gold:   376        SH:  8    Dex: 14    Spells: 13/19 levels left

rFire   . . .      SeeInvis +   w - +2 flail (pain)
rCold   . . .      Faith    .   b - +2 buckler
rNeg    . . .      Spirit   .   k - +1 chain mail {Will+}
rPois   .          Reflect  .   y - +0 helmet {SInv}
rElec   .          Harm     .   t - +0 cloak
rCorr   .          Rampage  .   (no gloves)
Will    +....                   c - +0 pair of boots
Stlth   +.........              H - amulet of magic regeneration
HPRegen 0.22/turn               v - +6 ring of intelligence
MPRegen 0.55/turn               (no ring)

@: no status effects
A: fangs 1, strong nose, distributed training, mutation resistance 1, subdued
magic 1
a: Renounce Religion, Draw Escape, Draw Destruction, Draw Summoning


You were on level 9 of the Dungeon.
You worshipped Nemelex Xobeh.
Nemelex Xobeh was pleased with you.
You visited 2 branches of the dungeon, and saw 10 of its levels.

You collected 376 gold pieces.

Inventory:

Hand Weapons
 a - a +1 hand axe
 d - a +2 flail of holy wrath
 i - a +0 scimitar
 l - a +1 sling
 o - a +1 vampiric dagger
 s - a +1 vorpal shortbow
 w - a +2 flail of pain (weapon)
 z - a +2 scythe of flaming
 A - a +0 flail of protection
 F - a +4 battleaxe
 J - a +0 vorpal arbalest
Missiles
 f - 28 poisoned darts (quivered)
 D - 6 silver javelins
 G - a curare-tipped dart
 K - a throwing net
Armour
 b - a +2 buckler (worn)
 c - a +0 pair of boots (worn)
 h - a +0 ring mail of fire resistance
 k - a +1 chain mail of willpower (worn)
 m - a +0 plate armour
 t - a +0 cloak (worn)
 y - a +0 helmet of see invisible (worn)
Jewellery
 r - a ring of fire
 v - a +6 ring of intelligence (left hand)
 H - an amulet of magic regeneration (around neck)
Scrolls
 e - a scroll of summoning
 j - a scroll of amnesia {unknown}
 n - a scroll of fear
 q - 2 scrolls of butterflies
 x - 4 scrolls of teleportation
 B - a scroll of magic mapping
 C - a scroll of immolation {unknown}
 E - a scroll of vulnerability
 I - a scroll of blinking
Potions
 g - 2 potions of mutation
 p - a potion of attraction
 u - a potion of magic
 L - a potion of curing
 M - a potion of invisibility {unknown}


   Skills:
 + Level 5.1 Fighting
 + Level 5.1 Short Blades
 + Level 5.1 Long Blades
 + Level 7.0 Axes
 + Level 5.1 Maces & Flails
 + Level 5.1 Polearms
 + Level 5.1 Staves
 + Level 5.1 Ranged Weapons
 + Level 5.1 Throwing
 + Level 5.8 Armour
 + Level 5.1 Dodging
 + Level 9.4 Stealth
 + Level 7.0 Shields
 + Level 5.1 Unarmed Combat
 + Level 5.1 Spellcasting
 + Level 4.2 Conjurations
 + Level 4.2 Hexes
 + Level 4.2 Summonings
 + Level 4.2 Necromancy
 + Level 4.2 Translocations
 + Level 4.2 Transmutations
 + Level 4.2 Fire Magic
 + Level 4.2 Ice Magic
 + Level 4.2 Air Magic
 + Level 4.2 Earth Magic
 + Level 4.2 Poison Magic
 + Level 6.3 Invocations
 + Level 5.1 Evocations


You had 13 spell levels left.
You knew the following spells:

 Your Spells              Type           Power      Damage    Failure   Level
a - Slow                  Hex            44%        N/A       38%         1
b - Call Imp              Summ           11%        N/A       54%         2
c - Mephitic Cloud        Conj/Pois/Air  11%        N/A       78%         3

Your spell library contained the following spells:

 Spells                   Type           Power      Damage    Failure   Level
 Magic Dart               Conj           44%        1d5       38%         1
 Sandblast                Erth           22%        2d7       38%         1
 Sting                    Tmut/Pois      44%        1d5       38%         1
 Passwall                 Tmut/Erth      9%         N/A       54%         2
 Poisonous Vapours        Pois/Air       22%        N/A       54%         2
 Confusing Touch          Hex            11%        N/A       78%         3
 Stone Arrow              Conj/Erth      22%        3d8       78%         3
 Vampiric Draining        Necr           11%        2d6       78%         3
 Olgreb's Toxic Radiance  Pois           11%        N/A       99%         4


Dungeon Overview and Level Annotations

Branches:
Dungeon (9/15)             Temple (1/1) D:5
   Lair: D:8-11         Orc: D:9-12

Altars:
Ashenzari
Cheibriados
Dithmenos
Fedhas
Hepliaklqana
Kikubaaqudgha
Nemelex Xobeh
Okawaru
Trog
Wu Jian
Xom
Yredelemnul
Zin
The Shining One

Shops:
D:2 =   D:9 *

Annotations:
D:3 Grinder
D:8 4 transporters, 3 runed translucent doors, exclusions: centaur and 4 wights
D:9 exclusion: upstairs


Innate Abilities, Weirdness & Mutations

You have very sharp teeth.
Your uncanny sense of smell can sniff out nearby items.
Your experience applies equally to all skills.
You are somewhat resistant to further mutation.
Your spells are a little easier to cast, but a little less powerful.


Message History

You completely miss the troll. The troll completely misses you.
You block the troll's attack. x2
You hit the troll.
The troll writhes in agony.
The troll is moderately wounded.
The troll bites you! The troll claws you!
The troll claws you but does no damage.
You are too injured to fight recklessly!
You aren't carrying any items that you can evoke.
You draw a card...
You have drawn the Orb.
Press: ? - help, Shift-Dir - straight line, f - troll
Aim: a troll (moderately wounded)
Your orb of destruction hits a rock wall. x2
The troll bites you but does no damage. The troll claws you!
* * * LOW HITPOINT WARNING * * *
You block the troll's attack.
Your orb of destruction hits a rock wall.
You draw a card...
You have drawn the Orb.
Press: ? - help, Shift-Dir - straight line, f/p - troll
Aim: a troll (moderately wounded)
The wavering orb of destruction weakly hits the troll!
The troll is heavily wounded.
You block the troll's attack. The troll claws you but does no damage.
You block the troll's attack.
You draw a card...
You have drawn Pain.
Press: ? - help, Shift-Dir - straight line, f/p - troll
Aim: a troll (heavily wounded)
The troll convulses!
The troll barely misses you. The troll claws you.
* * * LOW HITPOINT WARNING * * *
The troll claws you.
* * * LOW HITPOINT WARNING * * *
You draw a card...
You have drawn Wild Magic.
The troll is blasted with sand.
You feel a surge of magic. The troll bites you but does no damage.
You block the troll's attack. The troll claws you!
* * * LOW HITPOINT WARNING * * *
You block the troll's attack. x2; The troll claws you!
You die...
Your body disappears without a glow.

#.#.........#####
###.###.#####.#
#.#.# #.# #.#
#.#.# #.#####.#
#...###.....#.#
#......## #.#
#.###### #.# #)##
∆#.# #.@# #.#
#.T# #.# #... #.#
##.## #.# #..
#.#####.# #..
........#### #..)
....o......# #.##
.......###.#
T..#### #.##


You could see a troll.

Vanquished Creatures
  Prince Ribbit (D:6)
  A hornet (D:9)
  Sigmund (D:6)
  Edmund (D:6)
  A water moccasin (D:9)
  2 orc warriors
  2 black bears
  An ice beast (D:6)
  4 centaurs
  A phantom (D:4)
  A kobold brigand (D:9)
  3 bullfrogs
  3 necrophages
  2 gnoll sergeants
  3 wights (D:7)
  A howler monkey (D:6)
  4 hounds
  5 jellies
  5 orc priests
  A gnoll bouda (D:5)
  5 iguanas (D:5)
  9 orc wizards
  16 gnolls
  6 adders
  2 shadow imps
  3 white imps
  2 worms
  3 dart slugs
  41 orcs
  7 ball pythons
  3 endoplasms
  4 giant cockroaches
  9 hobgoblins
  7 jackals (D:1)
  14 kobolds
  8 quokkas
  10 bats
  2 frilled lizards
  7 goblins
  6 rats
207 creatures vanquished.

Notes
Turn   | Place    | Note
-------+----------+-------------------------------------------
     0 | D:1      | FexLirch the Gnoll Wanderer began the quest for the Orb.
     0 | D:1      | FexLirch set off with the following items: a +0 hand axe, a
                  | +2 buckler, a +0 helmet, a potion of lignification, a +0
                  | leather armour.
     0 | D:1      | Reached XP level 1. HP: 13/13 MP: 2/2
    82 | D:1      | Reached XP level 2. HP: 19/19 MP: 3/3
   444 | D:1      | Reached XP level 3. HP: 22/25 MP: 4/4
  1248 | D:2      | Reached skill level 1 in Fighting
  1248 | D:2      | Reached skill level 1 in Short Blades
  1248 | D:2      | Reached skill level 1 in Long Blades
  1248 | D:2      | Reached skill level 1 in Maces & Flails
  1248 | D:2      | Reached skill level 1 in Polearms
  1248 | D:2      | Reached skill level 1 in Staves
  1248 | D:2      | Reached skill level 1 in Ranged Weapons
  1248 | D:2      | Reached skill level 1 in Throwing
  1248 | D:2      | Reached skill level 1 in Dodging
  1248 | D:2      | Reached skill level 1 in Unarmed Combat
  1248 | D:2      | Reached skill level 1 in Spellcasting
  1248 | D:2      | Reached skill level 1 in Evocations
  1459 | D:2      | Reached XP level 4. HP: 32/32 MP: 6/6
  1748 | D:2      | Found a faded altar of an unknown god.
  1863 | D:2      | Reached skill level 1 in Conjurations
  1863 | D:2      | Reached skill level 1 in Hexes
  1863 | D:2      | Reached skill level 1 in Summonings
  1863 | D:2      | Reached skill level 1 in Necromancy
  1863 | D:2      | Reached skill level 1 in Translocations
  1863 | D:2      | Reached skill level 1 in Transmutations
  1863 | D:2      | Reached skill level 1 in Fire Magic
  1863 | D:2      | Reached skill level 1 in Ice Magic
  1863 | D:2      | Reached skill level 1 in Air Magic
  1863 | D:2      | Reached skill level 1 in Earth Magic
  1863 | D:2      | Reached skill level 1 in Poison Magic
  1966 | D:2      | Found Tugen's Jewellery Shop.
  2043 | D:3      | Found an ornate altar of the Wu Jian Council.
  2071 | D:3      | Learned a level 1 spell: Slow
  2520 | D:3      | Noticed Grinder
  3022 | D:4      | Reached XP level 5. HP: 14/37 MP: 7/7
  3250 | D:4      | Noticed a phantom
  3382 | D:4      | Learned a level 2 spell: Call Imp
  3713 | D:5      | Entered Level 5 of the Dungeon
  3798 | D:5      | Reached skill level 8 in Stealth
  3953 | D:5      | Reached XP level 6. HP: 36/42 MP: 8/8
  4016 | D:4      | Gained mutation: You are somewhat resistant to further
                  | mutation. [potion of mutation]
  4016 | D:4      | Gained mutation: Your spells are a little easier to cast,
                  | but a little less powerful. [potion of mutation]
  4305 | D:5      | Reached skill level 5 in Axes
  4305 | D:5      | Reached skill level 5 in Shields
  4406 | D:5      | Found a staircase to the Ecumenical Temple.
  4420 | Temple   | Entered the Ecumenical Temple
  4434 | Temple   | Became a worshipper of Nemelex Xobeh the Trickster
  4931 | D:5      | Reached XP level 7. HP: 19/50 MP: 10/10
  6001 | D:6      | Noticed Edmund
  6063 | D:6      | Noticed Prince Ribbit
  6083 | D:6      | Killed Prince Ribbit
  6088 | D:6      | Reached XP level 8. HP: 45/58 MP: 10/12
  6092 | D:6      | HP: 2/58 [orc wizard/+0 dagger (1)]
  6095 | D:6      | Noticed Sigmund
  6548 | D:8      | Found a transporter.
  6549 | D:8      | Found a transporter.
  6941 | D:8      | Learned a level 3 spell: Mephitic Cloud
  7639 | D:6      | Reached * piety under Nemelex Xobeh
  7657 | D:6      | Received a gift from Nemelex Xobeh
  7674 | D:6      | Killed Edmund
  7675 | D:6      | Reached skill level 5 in Invocations
  7835 | D:6      | Killed Sigmund
  7836 | D:6      | Reached XP level 9. HP: 50/65 MP: 13/15
  7965 | D:6      | HP: 3/65 [orc wizard/+0 club (3)]
  7969 | D:6      | Reached skill level 5 in Armour
  8612 | D:6      | Reached skill level 9 in Stealth
 10083 | D:8      | Noticed a boulder beetle
 10112 | D:8      | Noticed a two-headed ogre
 10394 | D:8      | Found a broken altar of Ashenzari.
 10534 | D:8      | Found a runed translucent gate.
 10534 | D:8      | Found a runed translucent gate.
 10536 | D:8      | Found a runed translucent gate.
 10536 | D:8      | Noticed a green ugly thing
 10537 | D:8      | Noticed a green ugly thing
 10609 | D:8      | Reached ** piety under Nemelex Xobeh
 10627 | D:8      | Found a transporter.
 10628 | D:8      | Found a transporter.
 11193 | D:8      | HP: 3/67 [orc/+0 hand axe (4)]
 11419 | D:9      | Found Xesirr's Overcharged Wands.
 11584 | D:9      | Noticed a troll
 11866 | D:9      | Reached skill level 5 in Fighting
 11866 | D:9      | Reached skill level 5 in Short Blades
 11866 | D:9      | Reached skill level 5 in Long Blades
 11866 | D:9      | Reached skill level 5 in Maces & Flails
 11866 | D:9      | Reached skill level 5 in Polearms
 11866 | D:9      | Reached skill level 5 in Staves
 11866 | D:9      | Reached skill level 5 in Ranged Weapons
 11866 | D:9      | Reached skill level 5 in Throwing
 11866 | D:9      | Reached skill level 5 in Dodging
 11866 | D:9      | Reached skill level 5 in Unarmed Combat
 11866 | D:9      | Reached skill level 5 in Spellcasting
 11866 | D:9      | Reached skill level 5 in Evocations
 11866 | D:9      | Reached XP level 10. HP: 20/74 MP: 17/17
 12128 | D:9      | Received a gift from Nemelex Xobeh
 12337 | D:9      | Slain by a troll

Illustrated notes

Levels and vault maps discovered:
D:1:      minmay_arrival_solitary_statue, layout_basic, st_stairs_11,
          minmay_tripent
D:2:      layout_loops_cross, serial_shops, shop,
          shapermc_ecumenical_altar_totnotflames
D:3:      layout_rooms, overflow_temple_1_default, corner_web_ring,
          grunt_ministairs_3, uniq_grinder
D:4:      layout_layer_cave
D:5:      layout_basic, temple_pool_b, gup_sewer_entry_pipe
D:6:      layout_cave_pools, lemuel_flame_loot_1, uniq_sigmund, uniq_edmund,
          uniq_prince_ribbit1
D:7:      layout_loops_cross
D:8:      layout_layer_cave, cheibrodos_ashenzari_chains,
          ploomutoo_gammafunk_ghost_potion_laboratory, nicolae_diode_quadrants
D:9:      layout_basic, nicolae_shop_overcharged_wands, uniq_harold
Temple:   nicolae_temple_bog_church

Skill      XL: |  1  2  3  4  5  6  7  8  9 10 |
---------------+-------------------------------+-----
Fighting       | 1 2 3 4 5 |  5.1
Short Blades   | 1 2 3 4 5 |  5.1
Long Blades    | 1 2 3 4 5 |  5.1
Maces & Flails | 1 2 3 4 5 |  5.1
Polearms       | 1 2 3 4 5 |  5.1
Staves         | 1 2 3 4 5 |  5.1
Ranged Weapons | 1 2 3 4 5 |  5.1
Throwing       | 1 2 3 4 5 |  5.1
Dodging        | 1 2 3 4 5 |  5.1
Unarmed Combat | 1 2 3 4 5 |  5.1
Spellcasting   | 1 2 3 4 5 |  5.1
Evocations     | 1 2 3 4 5 |  5.1
Conjurations   | 1 2 3 4 |  4.2
Hexes          | 1 2 3 4 |  4.2
Summonings     | 1 2 3 4 |  4.2
Necromancy     | 1 2 3 4 |  4.2
Translocations | 1 2 3 4 |  4.2
Transmutations | 1 2 3 4 |  4.2
Fire Magic     | 1 2 3 4 |  4.2
Ice Magic      | 1 2 3 4 |  4.2
Air Magic      | 1 2 3 4 |  4.2
Earth Magic    | 1 2 3 4 |  4.2
Poison Magic   | 1 2 3 4 |  4.2
Invocations    | 3 4 5 6 |  6.3
Armour         | 3 4 5 |  5.8
Stealth        | 8 9 |  9.4
Axes           | 5 6 7 |  7.0
Shields        | 5 6 7 |  7.0

Action                   |  1- 3 |  4- 6 |  7- 9 | 10-12 || total
-------------------------+-------+-------+-------+-------++-------
Melee: Hand axe          |   161 |   197 |       |       ||   358
       Bite              |    15 |    26 |    43 |       ||    84
       Flail             |       |    90 |   265 |    19 ||   374
       Scimitar          |       |       |   159 |       ||   159
 Fire: Sling             |     7 |    46 |    23 |       ||    76
Throw: Dart              |       |       |       |     8 ||     8
 Cast: Slow              |       |     2 |       |       ||     2
       Call Imp          |       |     1 |     2 |       ||     3
       Mephitic Cloud    |       |       |     1 |       ||     1
Invok: Draw Destruction  |       |       |     3 |     4 ||     7
Evoke: Wand              |       |       |     6 |       ||     6
  Use: Scroll            |       |     4 |     9 |       ||    13
       Potion            |       |     2 |    13 |       ||    15
 Stab: Sleeping          |    11 |     7 |     6 |       ||    24
       Distracted        |       |       |     1 |       ||     1
Armor: Leather armour    |    18 |       |       |       ||    18
       Ring mail         |    67 |    95 |   139 |       ||   301
       Chain mail        |       |       |    69 |     9 ||    78
       Skin              |       |       |    28 |       ||    28
Dodge: Dodged            |    90 |   120 |   199 |    11 ||   420
Block: Buckler           |    63 |   104 |   198 |    16 ||   381
